Map: [ESL] Oceanborn

Players

Bunny - Winner!

  • Race: Terran Terran
  • Spawn Location: 11:00

Harstem

  • Race: Protoss Protoss
  • League: Master
  • Spawn Location: 5:00

Event: IEM Katowice 2024

VOD

Have the link to the VOD?

Description

Time

  • Played on: Dec. 9, 2023, 9:03 p.m.
  • Length: 13:26

All games in this series

Show
View Real Time Build Order
Export as new Build Order

Bunny Terran - Winner!

Build Orders: Reaper Expand 

Get SALT Encoding   

  12  0:00  SCV  
  13  0:12  SCV  
  14  0:17  Supply Depot  
  14  0:24  SCV  
  15  0:39  SCV  
  15  0:40  Barracks  
  15  0:42  Refinery  
  16  0:51  SCV  
  17  1:03  SCV  
  18  1:15  SCV  
  19  1:27  Orbital Command  
  19  1:28  Reaper  
  20  1:38  Command Center  
  20  1:46  Supply Depot  
  20  1:53  SCV  
  21  1:59  Marine  
  22  2:05  SCV  
  22  2:07  Factory  
  23  2:14  Bunker  
  23  2:17  SCV  
  23  2:19  Refinery  
  23  2:22  Barracks Reactor  
  24  2:29  SCV  
  25  2:41  SCV  
  26  2:51  Hellion  
  28  2:52  Orbital Command, Starport  
  28  2:53  SCV  
  28  2:57  Marine  
  30  2:58  Marine  
  31  3:06  SCV  
  31  3:12  Cyclone  
  34  3:15  Marine  
  34  3:16  Marine  
  34  3:19  SCV x2  
  38  3:24  Supply Depot  
  38  3:28  Viking  
  38  3:32  SCV  
  41  3:35  SCV  
  41  3:38  Marine  
  41  3:39  Marine  
  44  3:45  Barracks  
  44  3:50  SCV x2  
  44  3:54  Barracks  
  45  3:55  Marine  
  45  3:57  Marine  
  45  3:59  Starport Tech Lab, Factory Tech Lab  
  45  4:03  SCV x2  
  45  4:07  Engineering Bay  
  47  4:10  Supply Depot  
  47  4:13  Marine  
  47  4:14  Marine  
  47  4:15  SCV x2  
  51  4:19  Supply Depot  
  51  4:27  SCV x2  
  53  4:31  Marine  
  53  4:32  Factory Reactor, Marine  
  53  4:34  Starport Reactor  
  53  4:37  Terran Infantry Weapons Level 1  
  55  4:39  SCV  
  55  4:40  SCV  
  55  4:43  Stimpack  
  55  4:44  Supply Depot  
  56  4:47  Marine  
  56  4:49  Marine  
  56  4:50  Marine  
  56  4:52  SCV x2  
  61  4:54  Combat Shield, Marine  
  61  4:58  Refinery  
  61  4:59  Refinery  
  61  5:04  SCV x2  
  61  5:08  Marauder  
  61  5:11  Marine x2  
  61  5:12  Marauder, Supply Depot  
  67  5:16  SCV x2  
  67  5:17  Medivac  
  71  5:24  Medivac  
  71  5:27  Supply Depot  
  71  5:28  Widow Mine  
  75  5:29  SCV x2  
  75  5:34  Widow Mine  
  75  5:35  Supply Depot  
  79  5:38  Marauder  
  79  5:41  SCV x2  
  81  5:42  Marine  
  81  5:43  Marine  
  81  5:46  Marauder  
  85  5:56  Medivac x2  
  89  6:00  Widow Mine x2  
  93  6:04  SCV  
  93  6:05  SCV  
  93  6:06  Marauder, Supply Depot  
  93  6:08  Marauder  
  93  6:10  Marine x2  
  101  6:17  SCV  
  102  6:24  SCV  
  102  6:31  Terran Infantry Armor Level 1  
  101  6:37  Command Center  
  101  6:43  Marauder  
  101  6:45  Marauder  
  99  6:52  SCV x2  
  99  6:53  Widow Mine x2  
  104  6:59  Concussive Shells  
  104  7:01  Marine  
  104  7:02  Marine  
  104  7:03  Barracks  
  104  7:04  Marauder, Medivac  
  104  7:06  Barracks  
  110  7:19  Supply Depot x2  
  110  7:20  Marauder, Widow Mine, SCV x2  
  111  7:26  Marauder, Marine x2  
  111  7:28  Widow Mine  
  112  7:32  SCV x2  
  107  7:40  Medivac  
  107  7:41  Marauder  
  102  7:45  Widow Mine  
  102  7:46  Medivac  
  102  7:47  Marauder  
  102  7:48  SCV x2  
  110  7:55  Widow Mine  
  112  8:00  Marine x2  
  112  8:01  Barracks Tech Lab  
  112  8:02  Barracks Reactor  
  112  8:03  Marauder  
  112  8:04  Ghost Academy  
  116  8:07  Armory, SCV  
  116  8:08  SCV  
  116  8:11  Widow Mine  
  120  8:16  Widow Mine  
  122  8:20  Medivac  
  122  8:21  Medivac  
  122  8:24  SCV x2  
  128  8:30  Orbital Command  
  128  8:32  Marauder x3  
  128  8:34  Refinery  
  134  8:35  Marine  
  134  8:36  Marine  
  134  8:37  SCV x2  
  138  8:49  SCV x2  
  138  8:50  Viking  
  138  8:51  Viking  
  144  8:56  SCV  
  144  8:58  Supply Depot, Refinery  
  144  8:59  Supply Depot  
  144  9:01  Marauder x2  
  149  9:12  Terran Infantry Weapons Level 2  
  149  9:14  Supply Depot  
  149  9:15  Supply Depot  
  149  9:20  Missile Turret, Marine x3  
  149  9:21  Viking  
  154  9:25  Viking  
  156  9:31  SCV  
  156  9:32  SCV x2  
  156  9:34  Ghost  
  156  9:38  Ghost  
  161  9:41  Ghost  
  163  9:51  Viking  
  165  9:54  Command Center  
  164  10:02  Ghost  
  164  10:06  Ghost  
  155  10:12  Marine x4  
  157  10:15  Widow Mine x2  
  157  10:19  Viking  
  163  10:21  Viking  
  163  10:24  SCV x2  
  163  10:25  SCV  
  166  10:31  Ghost x2  
  169  10:37  Missile Turret  
  169  10:38  Marine x2  
  169  10:39  Marine x2  
  171  10:44  Widow Mine x2  
  175  10:50  Ghost  
  175  10:57  Starport  
  177  10:59  Fusion Core, Medivac  
  177  11:01  Medivac  
  179  11:12  Ghost x2  
  183  11:22  Engineering Bay  
  183  11:24  SCV x3  
  183  11:25  Refinery  
  184  11:34  Planetary Fortress  
  184  11:36  SCV x3  
  184  11:39  Refinery  
  187  11:51  Starport Reactor  
  187  11:52  Advanced Ballistics  
  175  12:05  Liberator  
  175  12:06  Liberator  
  179  12:12  Marauder  
  179  12:13  Marauder  
  173  12:17  Marine x2  
  173  12:18  Marine x2  
  173  12:19  Barracks  
  173  12:20  Barracks  
  173  12:21  Barracks  
  174  12:24  Widow Mine x2  
  176  12:30  Ghost  
  176  12:36  Liberator x2  
  182  12:39  Marine x2  
  182  12:40  Marine x2  
  182  12:43  Engineering Bay  
  186  12:48  Command Center  
  186  12:49  Missile Turret  
Show
View Real Time Build Order
Export as new Build Order

Harstem Protoss 

Build Orders: 1 Gate Expand, Phoenix Opening, Mass Phoenix, Colossus Rush 

Get SALT Encoding   

  12  0:00  Probe  
  13  0:12  Probe  
  14  0:17  Pylon  
  14  0:24  Probe (Chrono Boost)  
  15  0:36  Probe (Chrono Boost)  
  15  0:37  Gateway  
  16  0:45  Probe (Chrono Boost)  
  16  0:46  Assimilator  
  17  0:51  Probe  
  18  1:03  Probe  
  19  1:18  Nexus  
  19  1:28  Cybernetics Core  
  19  1:31  Probe  
  20  1:36  Assimilator  
  20  1:43  Probe  
  20  1:46  Pylon  
  21  1:55  Probe  
  22  2:01  Adept (Chrono Boost)  
  22  2:07  Probe (Chrono Boost)  
  25  2:15  Stargate  
  25  2:19  Probe (Chrono Boost)  
  26  2:23  Probe (Chrono Boost)  
  26  2:24  Adept (Chrono Boost)  
  29  2:30  Probe  
  29  2:31  Warp Gate  
  29  2:33  Probe  
  31  2:42  Probe  
  32  2:45  Probe  
  33  2:54  Probe  
  33  2:57  Probe  
  35  3:00  Phoenix  
  35  3:04  Pylon  
  37  3:06  Probe (Chrono Boost)  
  37  3:10  Robotics Facility  
  37  3:11  Probe (Chrono Boost)  
  39  3:18  Probe (Chrono Boost)  
  40  3:20  Assimilator  
  40  3:22  Assimilator  
  42  3:27  Probe x2 (Chrono Boost), Phoenix  
  42  3:34  Probe  
  45  3:36  Probe  
  46  3:46  Probe  
  46  3:48  Probe  
  48  3:52  Phoenix (Chrono Boost)  
  50  3:58  Probe, Pylon  
  50  4:00  Probe  
  52  4:06  Pylon  
  52  4:07  Observer  
  53  4:10  Probe  
  53  4:13  Shield Battery  
  53  4:15  Phoenix (Chrono Boost)  
  53  4:16  Probe  
  57  4:22  Probe  
  58  4:24  Robotics Bay  
  58  4:28  Probe  
  59  4:32  Phoenix  
  59  4:34  Probe  
  59  4:37  Immortal (Chrono Boost)  
  61  4:40  Probe  
  66  4:46  Probe  
  66  4:51  Nexus  
  66  4:52  Pylon  
  67  4:54  Pylon  
  67  4:58  Phoenix  
  69  5:04  Probe  
  70  5:10  Colossus (Chrono Boost), Probe  
  77  5:19  Probe, Pylon  
  78  5:22  Probe  
  78  5:26  Phoenix (Chrono Boost)  
  81  5:31  Probe  
  81  5:32  Extended Thermal Lance  
  82  5:37  Forge  
  82  5:40  Probe, Pylon  
  83  5:46  Probe  
  83  5:48  Phoenix (Chrono Boost)  
  86  5:52  Probe  
  86  5:55  Shield Battery  
  87  5:58  Shield Battery, Probe  
  87  5:59  Observer, Colossus (Chrono Boost)  
  94  6:05  Probe  
  94  6:09  Sentry  
  94  6:11  Probe  
  98  6:12  Gateway, Probe  
  98  6:17  Probe  
  100  6:22  Protoss Ground Weapons Level 1 (Chrono Boost)  
  100  6:23  Probe  
  100  6:24  Probe  
  102  6:29  Probe  
  103  6:33  Zealot  
  103  6:35  Probe  
  103  6:36  Probe  
  105  6:41  Probe  
  105  6:44  Observer, Colossus (Chrono Boost)  
  93  6:47  Probe  
  93  6:48  Probe  
  93  6:53  Probe  
  102  6:55  Photon Cannon, Assimilator  
  102  6:58  Sentry  
  102  6:59  Probe  
  102  7:00  Assimilator, Probe  
  106  7:04  Gateway  
  106  7:05  Probe  
  106  7:07  Gateway  
  107  7:09  Zealot  
  107  7:11  Probe  
  110  7:20  Probe  
  107  7:23  Probe  
  107  7:26  Phoenix  
  107  7:28  Stalker  
  101  7:39  Stalker  
  101  7:43  Colossus (Chrono Boost)  
  105  7:44  Probe  
  105  7:45  Probe  
  105  7:48  Gateway  
  105  7:49  Twilight Council  
  105  7:50  Assimilator  
  107  7:52  Probe, Pylon  
  107  7:56  Shield Battery  
  108  7:58  Pylon  
  108  8:00  Pylon x2  
  108  8:08  Pylon  
  108  8:10  Probe  
  108  8:11  Gateway  
  108  8:12  Pylon  
  109  8:13  Zealot x2  
  109  8:14  Zealot x2  
  109  8:18  Pylon, Probe x2  
  117  8:20  Phoenix  
  117  8:25  Warp Prism (Chrono Boost), Charge (Chrono Boost)  
  122  8:29  Photon Cannon  
  122  8:30  Protoss Ground Weapons Level 2  
  121  8:35  Templar Archives  
  121  8:38  Zealot x4  
  129  8:53  Zealot  
  131  8:56  Observer  
  131  8:57  Photon Cannon  
  131  8:58  Pylon  
  131  9:01  Gravitic Drive (Chrono Boost)  
  132  9:06  Zealot x5  
  142  9:11  Pylon  
  142  9:17  Disruptor  
  142  9:19  Probe  
  142  9:21  Observer  
  146  9:25  Probe  
  146  9:29  High Templar  
  146  9:30  High Templar x3, Zealot x2  
  159  9:35  Archon x2  
  158  9:38  Probe  
  158  9:40  Probe  
  160  9:46  Probe  
  160  9:51  Probe  
  162  9:54  Gateway, Disruptor (Chrono Boost)  
  162  9:57  Pylon  
  162  9:59  Zealot x2  
  170  10:01  Gateway  
  170  10:05  Nexus  
  170  10:06  Zealot x6  
  166  10:12  Probe  
  166  10:13  Nexus  
  151  10:21  Probe  
  151  10:22  Blink  
  151  10:27  Stalker x6  
  151  10:28  Observer (Chrono Boost)  
  160  10:38  Disruptor (Chrono Boost)  
  160  10:39  Probe  
  165  10:44  Robotics Facility  
  165  10:49  Stalker  
  167  10:50  Stalker x5  
  168  11:18  Probe  
  168  11:19  Pylon  
  168  11:22  Forge  
  168  11:29  Stalker x6  
  177  11:33  Observer  
  177  11:35  Disruptor (Chrono Boost)  
  177  11:36  Pylon  
  185  11:40  Disruptor (Chrono Boost)  
  185  11:42  Pylon  
  184  11:57  Nexus  
  170  12:04  Disruptor (Chrono Boost)  
  170  12:05  Stalker x4  
  147  12:17  Stalker x2  
  147  12:21  Stalker  
  153  12:27  Zealot  
  153  12:29  Disruptor (Chrono Boost)  
  152  12:33  Colossus (Chrono Boost)  
  152  12:34  Zealot  
  152  12:35  Zealot x3  
  163  12:42  Stalker x2  
  167  12:49  Stalker x2  
  171  12:52  Observer (Chrono Boost)  
  172  13:00  Stalker  
  170  13:15  Stalker x3  

Tags
 
Add a new tag
Caveats
  • Supply blocks, unpowered buildings, or Contaminate may cause inaccurate times.
  • Supply counts are checked every 10 seconds.